 Dungeon Crawl Stone Soup version 0.23-a0-358-g98c7a59ffc (webtiles) character file.

206691 Flugkiller the Cleaver (level 17, -1/93 HPs)
             Began as a Demonspawn Fire Elementalist on Oct 23, 2018.
             Was a High Priest of Fedhas.
             Slain by a large abomination (19 damage)
             ... on level 4 of the Abyss.
             The game lasted 02:17:13 (46770 turns).

Flugkiller the Cleaver (DsFE)                      Turns: 46770, Time: 02:17:14

Health: -1/93      AC: 25    Str:  7      XL:     17   Next: 58%
Magic:  27/27      EV: 18    Int: 20 (21) God:    Fedhas [*****.]
Gold:   3016       SH:  3    Dex: 13 (14) Spells: 5/36 levels left

rFire    + . .     SeeInvis .   V - +9 battleaxe (vamp)
rCold    + + .     Gourm    .   (shield currently unavailable)
rNeg     . . .     Faith    .   O - +0 steam dragon scales
rPois    +         Spirit   .   (helmet unavailable)
rElec    .         Reflect  +   n - +2 cloak
rCorr    .         Harm     .   Y - +1 pair of gloves {archery}
MR       +....     Rnd*Rage +   A - +1 pair of boots {Stlth+} Stlth ++++......Rnd*Tele +
                                E - amulet of Curiosity {Reflect rF+ rC+ SH+3}
HPRegen  0.25/turn              T - ring of poison resistance
MPRegen  0.20/turn              v - ring of wizardry

@: no status effects
A: horns 3, rugged brown scales 2, [berserk 2], [blurry vision 2], cold
resistance 1, [deformed body], [deterioration 1], [frail 3], icemail, [low mp
1], nightstalker 1, [screaming 2], [teleportitis 2], [weak 2], freezing cloud
immunity, [subdued magic 3]
}: 2/15 runes: abyssal, gossamer
a: Fungal Bloom, Sunlight, Evolution, Growth, Reproduction, Rain, Renounce
Religion


You were on level 4 of the Abyss.
You worshipped Fedhas.
Fedhas was extremely pleased with you.
You were hungry.

You visited 6 branches of the dungeon, and saw 30 of its levels.
You visited the Abyss 1 time.
You also visited: Sewer and Ice Cave.

You collected 3893 gold pieces.
You spent 877 gold pieces at shops.

Inventory:

Hand Weapons
 V - a +9 vampiric battleaxe (weapon)
   (You took it off a skeletal warrior on level 15 of the Dungeon)
Missiles
 W - 6 throwing nets (quivered)
Armour
 n - a +2 cloak (worn)
   (You took it off Crazy Yiuf on level 3 of the Dungeon)
 A - a +1 pair of boots of stealth (worn)
   (You bought it in a shop on level 2 of the Orcish Mines)
 O - +0 steam dragon scales (worn)
   (You found it on level 7 of the Dungeon)
 Y - a +1 pair of gloves of archery (worn)
   (You acquired it on level 14 of the Dungeon)
Jewellery
 t - a +2 ring of evasion
   (You found it on level 3 of the Dungeon)
 v - a ring of wizardry (right hand)
   (You found it on level 1 of the Swamp)
 E - the amulet of Curiosity (around neck) {Reflect rF+ rC+ SH+3}
   (You acquired it on level 12 of the Dungeon)

   [amulet of reflection]

   It shields you and reflects attacks.
   It protects you from fire.
   It protects you from cold.
   It affects your SH (+3).
 T - a ring of poison resistance (left hand)
   (You found it on level 14 of the Dungeon)
Wands
 a - a wand of iceblast (18)
   (You took it off a crimson imp on level 8 of the Dungeon)
 e - a wand of enslavement (9)
   (You found it on level 2 of the Spider Nest)
 r - a wand of polymorph (14)
   (You found it on level 11 of the Dungeon)
 I - a wand of digging (46)
   (You found it on level 7 of the Dungeon)
 J - a wand of flame (57)
   (You found it on level 7 of the Dungeon)
 M - a wand of disintegration (17)
   (You found it on level 13 of the Dungeon)
 N - a wand of paralysis (34)
   (You took it off an orc wizard on level 10 of the Dungeon)
 X - a wand of acid (6)
   (You found it on level 11 of the Dungeon)
Scrolls
 d - 7 scrolls of remove curse
 g - 6 scrolls of magic mapping
 h - 2 scrolls of fog
 k - 6 scrolls of teleportation
 l - 4 scrolls of fear
 p - 6 scrolls of identify
 s - 4 scrolls of enchant weapon
 u - a scroll of acquirement
 y - 4 scrolls of blinking
 B - 8 scrolls of enchant armour
 D - 3 scrolls of amnesia
Potions
 b - a potion of might
 f - 2 potions of heal wounds
 i - 2 potions of berserk rage
 j - 3 potions of invisibility
 o - 6 potions of mutation
 q - 5 potions of lignification
 w - 3 potions of cancellation
 x - 3 potions of flight
 z - 9 potions of curing
 C - 4 potions of magic
 F - 6 potions of ambrosia
 G - 6 potions of haste
 K - 5 potions of brilliance
 P - 2 potions of resistance
 R - 3 potions of agility
Comestibles
 c - 28 rations


   Skills:
 - Level 8.5 Fighting
 + Level 14.7 Axes
 - Level 11.0 Armour
 + Level 10.1 Dodging
 - Level 1.7 Stealth
   Level 4.1 Shields
 - Level 10.0 Spellcasting
 - Level 10.4 Conjurations
 - Level 10.2 Summonings
 - Level 10.0 Fire Magic
 - Level 9.8 Earth Magic
 - Level 8.0 Invocations


You had 5 spell levels left.
You knew the following spells:

 Your Spells              Type           Power        Failure   Level  Hunger
a - Flame Tongue          Conj/Fire      ####.        0%          1    None
b - Spellforged Servitor  Conj/Summ      ####......   22%         7    #######
c - Conjure Flame         Conj/Fire      ####....     1%          3    None
d - Sticky Flame          Conj/Fire      ####....     1%          4    ##.....
e - Fireball              Conj/Fire      ####......   1%          5    ####...
f - Iron Shot             Conj/Erth      ####......   4%          6    ######.
g - Iskenderun's Battles  Conj/Chrm      ###.....     5%          5    ####...

Your spell library contained the following spells:

 Spells                   Type           Power        Failure   Level  Hunger
 Summon Butterflies       Summ           ####....     0%          1    None
 Throw Flame              Conj/Fire      ####..       0%          2    None
 Animate Skeleton         Necr           N/A          1%          1    None
 Beastly Appendage        Tmut           #.....       1%          1    None
 Corona                   Hex            #......      1%          1    None
 Pain                     Necr           #...         1%          1    None
 Call Canine Familiar     Summ           ####....     1%          3    None
 Dazzling Spray           Conj/Hex       ###...       1%          3    None
 Ignite Poison            Fire/Tmut/Pois ##......     1%          3    None
 Inner Flame              Hex/Fire       ###.....     1%          3    None
 Mephitic Cloud           Conj/Pois/Air  ##......     1%          3    None
 Recall                   Summ/Tloc      N/A          1%          3    None
 Fulminant Prism          Conj/Hex       ###.......   1%          4    ##.....
 Leda's Liquefaction      Hex/Erth       ###.......   1%          4    ##.....
 Summon Ice Beast         Ice/Summ       ###.....     1%          4    ##.....
 Bolt of Magma            Conj/Fire/Erth ####......   1%          5    ####...
 Ensorcelled Hibernation  Hex/Ice        #.....       2%          2    None
 Poisonous Vapours        Pois/Air       #.....       2%          2    None
 Slow                     Hex            #.......     2%          2    None
 Sticks to Snakes         Tmut           #.......     2%          2    None
 Confuse                  Hex            #.......     4%          3    None
 Portal Projectile        Hex/Tloc       #.....       4%          3    None
 Regeneration             Chrm/Necr      #.........   4%          3    None
 Spectral Weapon          Hex/Chrm       #.......     4%          3    None
 Spider Form              Tmut/Pois      #.........   4%          3    None
 Tukima's Dance           Hex            #.......     4%          3    None
 Vampiric Draining        Necr           #.........   4%          3    None
 Venom Bolt               Conj/Pois      ###.......   5%          5    ####...
 Borgnjor's Vile Clutch   Necr/Erth      ###.......   6%          5    ####...
 Summon Mana Viper        Hex/Summ       ###.....     6%          5    ####...
 Animate Dead             Necr           N/A          19%         4    ##.....
 Cause Fear               Hex            #.........   19%         4    ##.....
 Ice Form                 Ice/Tmut       #.......     19%         4    ##.....
 Blade Hands              Tmut           #.........   45%         5    ####...
 Metabolic Englaciation   Hex/Ice        #.........   45%         5    ####...
 Bolt of Fire             Conj/Fire      ####......   3%          6    ######.
 Orb of Destruction       Conj           ####......   22%         7    #######
 Summon Hydra             Summ           ####......   24%         7    #######
 Freezing Cloud           Conj/Ice/Air   ##........   56%         6    ######.
 Ring of Flames           Chrm/Fire      ###.......   90%         7    #######
 Ignition                 Fire           ####......   90%         8    #######
 Darkness                 Hex            #.........   96%         6    ######.
 Death Channel            Necr           #.........   96%         6    ######.
 Deflect Missiles         Chrm/Air       #.........   96%         6    ######.
 Ozocubu's Refrigeration  Ice            #.........   96%         6    ######.
 Simulacrum               Ice/Necr       #.........   96%         6    ######.


Dungeon Overview and Level Annotations

Branches:
Dungeon (15/15)            Temple (1/1) D:4            Lair (6/6) D:8
  Swamp (2/4) Lair:2       Spider (4/4) Lair:3        Slime (0/5) Lair:6
    Orc (2/2) D:12            Elf (0/3) Orc:2        Vaults (0/5) D:13
 Depths (0/5) D:15

Altars:
Ashenzari
Cheibriados
Dithmenos
Elyvilon
Fedhas
Gozag
Hepliaklqana
Kikubaaqudgha
Makhleb
Nemelex Xobeh
Okawaru
Qazlal
Ru
Sif Muna
Trog
Uskayaw
Vehumet
Wu Jian
Xom
Yredelemnul
Zin
The Shining One
Beogh
Jiyva

Shops:
D:7 ([[%:   Orc:2 !}[[

Annotations:
Lair:3 3 runed doors, rvm's ghost, journeyman MiGl


Innate Abilities, Weirdness & Mutations

You have a pair of large horns on your head.
You are mostly covered in rugged brown scales. (AC +2, +5% HP)
Your flesh is cold resistant. (rC+)
A meltable icy envelope protects you from harm. (AC +10)
You are slightly more attuned to the shadows.
You are immune to freezing clouds.
[You often lose your temper in combat.]
[Scrolls take you longer to read.]
[Armour fits poorly on your strangely shaped body.]
[Your body sometimes deteriorates upon taking damage.]
[You are extremely frail. (-30% HP)]
[Your magical capacity is low. (-10% MP)]
[You sometimes yell uncontrollably at your foes.]
[You are sometimes teleported next to monsters.]
[You are very weak. (Str -4)]
[Your spells are much easier to cast, but much less powerful.]


Message History

You suddenly lose the ability to move!
Something hits you.
The large abomination hits you but does no damage.
You can move again.
You slash the wretched star!
The wretched star is lightly damaged.
You slash the large abomination! You completely miss something.
Something hits you but does no damage.
A starcursed mass splits.
You completely miss something. You slash the wretched star!
You hit the large abomination. Something hits you but does no damage.
A starcursed mass splits.
The large abomination hits you.
A starcursed mass splits.
The wretched star pulses with an eldritch light!
Your connection to magic feels nearly dormant.
You feel weirdly uncertain.
You feel even more weirdly uncertain.
Unknown command.
You hit the large abomination but do no damage.
The large abomination is moderately damaged.
You closely miss the wretched star. Something hits you but does no damage.
The large abomination completely misses you.
Something barely misses you.
Really read with blurry vision while enemies are nearby?
Okay, then.
Really read with blurry vision while enemies are nearby?
Something hits you!
A cacophony of accursed wailing tears at your sanity!
You suddenly lose the ability to move!
Something hits you but does no damage. The large abomination hits you.
* * * LOW HITPOINT WARNING * * *
The wretched star pulses with an eldritch light!
Your body twists and deforms.
The starcursed mass engulfs you!
* * * LOW HITPOINT WARNING * * *
Something hits you but does no damage.
A cacophony of accursed wailing tears at your sanity!
* * * LOW HITPOINT WARNING * * *
Something hits you but does no damage. The large abomination hits you!
* * * LOW HITPOINT WARNING * * *
The starcursed mass completely misses you.
You can move again.
You begin reading the scroll.
You continue reading the scroll.
You block something's attack. The large abomination hits you!!
You die...
Fedhas appreciates your contribution to the ecosystem.

. . #.. ##.. ##
.X. X..# ...XX..##
.##..#XXX##
#..#.#XX##
.......##X####
.......#X.X@..###
.##.X#...#X*#.#.#
.#.. #t#.#.#..
.........##.####.#
..t#.##.##.# h.
.## ....#. . .
##.. #. .## .# .#
.


You could see 8 starcursed masses, a wretched star, an apocalypse crab and a
large abomination.

Vanquished Creatures
  Rupert (Lair:6)
  A tentacled starspawn (Abyss:4)
  A fire giant (D:11)
  8 emperor scorpions
  4 ghost moths
  2 entropy weavers
  A starcursed mass (Abyss:3)
  Snorg (Orc:1)
  Harold (Orc:1)
  Fannar (Lair:3)
  2 catoblepae
  10 hydras
  A death knight (D:15)
  2 centaur warriors
  4 dancing weapons (Spider:2)
  5 alligators
  13 two-headed ogres
  2 ogre magi
  8 death yaks
  Urug (Lair:1)
  2 thrashing horrors (Abyss:3)
  2 deep elf knights (D:15)
  6 orc high priests (Orc:2)
  A skeletal warrior (D:15)
  A swamp dragon (Swamp:1)
  Pikel (D:5)
  2 unseen horrors
  16 orb spiders
  4 orc sorcerers
  4 deep elf magi
  A necromancer (IceCv)
  A wolf spider zombie (D:15)
  10 orc knights
  A manticore (D:14)
  10 wolf spiders
  A cyclops (D:15)
  7 ugly things
  2 elephants (Lair:6)
  2 ice statues (IceCv)
  2 black mambas
  3 moths of wrath
  A smoke demon (Abyss:3)
  9 centaur skeletons
  6 rime drakes
  10 spiny frogs
  4 komodo dragons
  2 freezing wraiths (D:15)
  An efreet (Abyss:3)
  5 ice devils (IceCv)
  A kobold demonologist (D:14)
  9 demonic crawlers
  A tengu conjurer (D:14)
  A meliai (Abyss:4)
  5 polar bears
  23 jumping spiders
  7 trolls
  7 hornets
  4 tyrant leeches (Swamp:1)
  13 blink frogs
  4 slime creatures (Swamp:1)
  2 harpy skeletons
  8 dream sheep
  6 hippogriffs
  2 vampires (D:13)
  17 spriggans
  3 wraiths
  80 redbacks
  31 tarantellas
  2 wyverns
  31 yaks
  5 fire bats (D:11)
  A large abomination (Abyss:3)
  3 wandering mushrooms
  A steam dragon (D:7)
  5 hungry ghosts
  18 vampire mosquitoes
  4 swamp worms (Swamp:1)
  3 insubstantial wisps (Swamp:1)
  4 wargs
  A soldier ant (D:15)
  An acid dragon (D:15)
  10 water moccasins
  8 porcupines
  Duvessa (D:5)
  A hornet zombie (D:15)
  3 slaves (D:5)
  4 swamp drakes
  A sky beast (D:6)
  44 orc warriors
  6 black bears
  2 phantoms (D:12)
  An ice beast (D:9)
  An eye of draining (D:9)
  7 ogres
  4 boggarts (Lair:6)
  35 wolves
  6 centaurs
  14 crocodiles
  5 big kobolds
  Blork the orc (D:15)
  14 bullfrogs
  A wyvern zombie (D:10)
  3 wyvern skeletons
  5 scorpions
  51 killer bees
  An electric eel (D:15)
  A troll skeleton (D:12)
  8 wights
  2 howler monkeys (D:10)
  4 crimson imps
  2 centaur zombies
  6 jellies
  2 draconian simulacra (IceCv)
  5 hounds
  28 orc priests
  Crazy Yiuf (D:3)
  33 orc wizards
  4 bullfrog skeletons
  2 iguanas
  5 hell rats (Lair:3)
  8 worker ants
  3 troll simulacra (IceCv)
  A hound zombie (D:6)
  5 ogre skeletons (D:12)
  A hound skeleton (D:11)
  5 gnolls
  2 naga simulacra (IceCv)
  11 adders
  3 ogre simulacra (IceCv)
  10 river rats (Lair:3)
  6 shadow imps
  An ooze (D:3)
  An adder skeleton (D:7)
  4 worms
  3 dart slugs (D:1)
  10 leopard geckos
  103 orcs
  5 giant cockroaches
  A goblin (D:1)
  7 hobgoblins
  8 jackals
  13 quokkas
  5 bats
  8 frilled lizards
  A goblin skeleton (D:12)
  A hobgoblin skeleton (D:12)
  4 hobgoblin zombies (D:12)
  14 kobolds
  A leopard gecko zombie (D:5)
  4 orc skeletons (D:12)
  3 orc zombies (D:12)
  A quokka skeleton (D:9)
  A quokka zombie (D:5)
  32 rats
1107 creatures vanquished.

Vanquished Creatures (collateral kills)
  A hydra (D:13)
  A vault guard (D:13)
  A catoblepas (Lair:6)
  An alligator (Swamp:1)
  3 dancing weapons (Spider:2)
  A wizard (D:15)
  A deep elf mage (D:12)
  A cyclops (D:13)
  7 wolf spiders
  2 elephants (Lair:6)
  2 torpor snails
  3 centaur skeletons
  A spiny frog (Lair:3)
  A rime drake (Lair:6)
  A komodo dragon (Lair:6)
  3 demonic crawlers
  A troll (D:15)
  4 jumping spiders
  3 polar bears (Lair:6)
  2 hornets
  2 dream sheep (Lair:6)
  4 blink frogs
  A hippogriff (Lair:6)
  3 spriggans (Lair:6)
  4 redbacks
  9 tarantellas
  A wraith (D:10)
  4 yaks
  2 basilisks (Lair:6)
  An insubstantial wisp (Swamp:1)
  2 swamp worms (Swamp:1)
  A vampire mosquito (Swamp:1)
  A porcupine (Lair:5)
  An ice beast (D:10)
  2 wolves (Lair:6)
  2 ogres
  A bullfrog (Lair:3)
  A scorpion (D:12)
  8 killer bees
  2 wights (D:13)
  A howler monkey (D:10)
  2 crimson imps
  An iguana (D:12)
  A worker ant zombie (D:10)
  3 adders
  A river rat (Lair:3)
  A shadow imp (D:12)
  An orc (D:14)
  A goblin zombie (D:12)
  3 hobgoblin zombies (D:12)
  An orc skeleton (D:12)
108 creatures vanquished.

Vanquished Creatures (others)
  A ghoul (D:15)
  A centaur warrior (D:15)
  2 orb spiders (Spider:4)
  2 hornets (Swamp:1)
  A bog body (Swamp:1)
  51 wandering mushrooms
  2 redbacks
  A hornet zombie (D:13)
  A necrophage (D:6)
  Dowan (D:6)
  25 fungi (Lair:6)
  10 plants (Lair:6)
  2 starspawn tentacles (Abyss:4)
  561 toadstools
  A withered plant (D:15)
662 creatures vanquished.

Grand Total: 1877 creatures vanquished

Notes
Turn   | Place    | Note
-------+----------+-------------------------------------------
     0 | D:1      | Flugkiller the Demonspawn Fire Elementalist began the quest
                  | for the Orb.
     0 | D:1      | Reached XP level 1. HP: 13/13 MP: 3/3
   475 | D:1      | Gained mutation: Your flesh is cold resistant. (rC+)
                  | [demonic ancestry]
   475 | D:1      | Reached XP level 2. HP: 7/19 MP: 1/5
  1205 | D:1      | Reached XP level 3. HP: 24/24 MP: 3/6
  1563 | D:1      | Reached XP level 4. HP: 21/30 MP: 5/8
  2284 | D:2      | Gained mutation: You are partially covered in rugged brown
                  | scales. (AC +1, +3% HP) [demonic ancestry]
  2284 | D:2      | Reached XP level 5. HP: 22/36 MP: 6/9
  3228 | D:3      | Learned a level 3 spell: Conjure Flame
  3233 | D:3      | Learned a level 4 spell: Sticky Flame
  3458 | D:3      | Gained mutation: You are mostly covered in rugged brown
                  | scales. (AC +2, +5% HP) [demonic ancestry]
  3458 | D:3      | Reached XP level 6. HP: 29/43 MP: 3/11
  4239 | D:3      | Found a runed door.
  4243 | D:3      | Noticed Crazy Yiuf
  4248 | D:3      | Killed Crazy Yiuf
  4463 | D:4      | Found a glowing drain.
  4467 | Sewer    | Entered a sewer
  4608 | Sewer    | Found a glowing silver altar of Zin.
  4706 | D:4      | Reached XP level 7. HP: 45/48 MP: 8/13
  4707 | D:4      | Found an iron altar of Okawaru.
  5110 | D:4      | Found a deep blue altar of Sif Muna.
  5144 | D:4      | Found a staircase to the Ecumenical Temple.
  5160 | Temple   | Entered the Ecumenical Temple
  5211 | Temple   | Became a worshipper of Fedhas Madash
  5498 | D:4      | Found a sacrificial altar of Ru.
  5511 | D:4      | Reached skill level 1 in Shields
  5655 | D:5      | Entered Level 5 of the Dungeon
  5662 | D:5      | Reached skill level 5 in Fire Magic
  5671 | D:5      | Found a hide-covered altar of Uskayaw.
  5681 | D:5      | Found a snail-covered altar of Cheibriados.
  5682 | D:5      | Found a stormy altar of Qazlal.
  5682 | D:5      | Found a radiant altar of Vehumet.
  5791 | D:5      | Found a hazy altar of Hepliaklqana.
  6238 | D:5      | Reached skill level 5 in Conjurations
  6786 | D:6      | Noticed Pikel
  6992 | D:5      | Killed Pikel
  6992 | D:5      | Reached skill level 5 in Spellcasting
  6992 | D:5      | Gained mutation: You are slightly more attuned to the
                  | shadows. [demonic ancestry]
  6992 | D:5      | Reached XP level 8. HP: 18/54 MP: 0/16
  7162 | D:6      | Killed Dowan
  7173 | D:6      | Noticed Duvessa
  7176 | D:6      | WTF, I didn't kill dowan????
  7281 | D:5      | Killed Duvessa
  8132 | D:7      | Found a basalt altar of Yredelemnul.
  8137 | D:7      | Found a glowing golden altar of the Shining One.
  8140 | D:7      | Noticed an angel
  8235 | D:7      | Noticed a green ugly thing
  8246 | D:7      | Killed a green ugly thing
  8246 | D:7      | Reached XP level 9. HP: 53/59 MP: 2/18
  8670 | D:7      | Found a blossoming altar of Fedhas.
  8729 | D:7      | Found Plog's Book Shop.
  8866 | D:7      | Found Ucliexyr's Armour Shoppe.
  8868 | D:7      | Found Qieryoc's Food Shop.
  9110 | D:7      | Found a blossoming altar of Fedhas.
  9295 | D:7      | Identified Sif Muna's Incunabulum of the Helpful Oath
  9340 | D:7      | Noticed an unseen horror
  9348 | D:7      | Killed an unseen horror
  9534 | D:7      | Found Cixzirorr's Antique Weapon Boutique.
  9598 | D:7      | Found Agedgh's Antique Armour Emporium.
  9740 | D:7      | Noticed a profane servitor
  9850 | D:8      | Noticed a death yak
  9850 | D:8      | Noticed a death yak
  9853 | D:8      | Noticed a death yak
  9857 | D:8      | Noticed a death yak
  9857 | D:8      | Noticed a death yak
  9858 | D:8      | Noticed a death yak
  9859 | D:8      | Killed a death yak
  9859 | D:8      | Gained mutation: You are immune to freezing clouds.
                  | [demonic ancestry]
  9859 | D:8      | Reached XP level 10. HP: 43/66 MP: 10/21
  9862 | D:8      | Noticed a death yak
 10165 | D:7      | Learned a level 5 spell: Fireball
 10806 | D:7      | Killed a death yak
 11037 | D:7      | Killed a death yak
 11349 | D:8      | Noticed a three-headed hydra
 11354 | D:8      | Killed a three-headed hydra
 11428 | D:7      | Killed a death yak
 11428 | D:7      | Gained mutation: You have a pair of small horns on your
                  | head. [demonic ancestry]
 11428 | D:7      | Reached XP level 11. HP: 13/71 MP: 10/24
 11825 | D:7      | Killed a death yak
 11941 | D:8      | Found a staircase to the Lair.
 11971 | D:7      | Killed a death yak
 11974 | D:7      | Reached * piety under Fedhas
 12013 | D:7      | Killed a death yak
 12013 | D:7      | Reached skill level 10 in Conjurations
 12431 | Lair:1   | Entered Level 1 of the Lair of Beasts
 12481 | Lair:1   | Got a pitted short sword
 12486 | Lair:1   | Identified the +5 short sword "Beastslayer" {pierce, *Noise
                  | MP+9 Str-4 Stlth+} (You found it on level 1 of the Lair of
                  | Beasts)
 12869 | Lair:1   | Reached skill level 10 in Fire Magic
 12878 | Lair:1   | Reached skill level 10 in Spellcasting
 12984 | Lair:1   | Reached skill level 1 in Fighting
 13379 | Lair:1   | Noticed Urug
 13680 | Lair:1   | Killed Urug
 14347 | Lair:2   | Noticed a catoblepas
 14366 | Lair:2   | Killed a catoblepas
 14366 | Lair:2   | Reached XP level 12. HP: 83/88 MP: 4/26
 14538 | Lair:2   | Reached skill level 5 in Fighting
 14538 | Lair:2   | Reached skill level 5 in Dodging
 14910 | Lair:2   | Noticed a four-headed hydra
 14916 | Lair:2   | Killed a four-headed hydra
 15171 | Lair:2   | Reached ** piety under Fedhas
 15558 | Lair:2   | Found a staircase to the Swamp.
 15676 | Lair:2   | Identified 2 scrolls of acquirement
 15748 | Lair:3   | Found a runed gate.
 15752 | Lair:3   | Found a runed gate.
 15765 | Lair:3   | Found a runed gate.
 15833 | Lair:3   | Noticed Fannar
 15871 | Lair:3   | Killed Fannar
 16104 | Lair:3   | Noticed a death yak
 16109 | Lair:3   | Killed a death yak
 16407 | Lair:3   | Found a hole to the Spider Nest.
 16625 | Lair:3   | Reached *** piety under Fedhas
 16947 | Lair:3   | Noticed rvm's ghost (journeyman MiGl)
 17101 | D:7      | Bought a book of Power for 675 gold pieces
 17224 | D:7      | Learned a level 7 spell: Spellforged Servitor
 17231 | D:7      | Learned a level 6 spell: Iron Shot
 17237 | D:7      | Learned a level 5 spell: Iskenderun's Battlesphere
 17352 | Lair:4   | Reached skill level 1 in Summonings
 17363 | Lair:4   | Reached skill level 1 in Earth Magic
 17549 | Lair:4   | Gained mutation: A meltable icy envelope protects you from
                  | harm. (AC +10) [demonic ancestry]
 17549 | Lair:4   | Reached XP level 13. HP: 100/103 MP: 12/27
 19515 | Lair:6   | Entered Level 6 of the Lair of Beasts
 19671 | Lair:6   | Reached skill level 5 in Summonings
 19865 | Lair:6   | Reached skill level 5 in Earth Magic
 21528 | Lair:6   | Found a staircase to the Slime Pits.
 21529 | Lair:6   | Found a viscous altar of Jiyva.
 21532 | Lair:6   | Noticed Rupert
 21562 | Lair:6   | Killed Rupert
 22908 | D:9      | Gained mutation: You have a pair of horns on your head.
                  | [demonic ancestry]
 22908 | D:9      | Reached XP level 14. HP: 111/111 MP: 25/28
 23244 | D:9      | Found a bloodstained altar of Trog.
 23244 | D:9      | Found a shadowy altar of Dithmenos.
 23429 | D:10     | Entered Level 10 of the Dungeon
 23783 | D:10     | Reached **** piety under Fedhas
 25128 | D:11     | Noticed a fire giant
 25130 | D:11     | why
 25174 | D:11     | Reached skill level 1 in Invocations
 25763 | D:12     | You fall through a shaft for 3 floors!
 25763 | D:15     | Entered Level 15 of the Dungeon
 26036 | D:15     | Found an ancient bone altar of Kikubaaqudgha.
 26054 | D:15     | Noticed a ghoul
 26056 | D:15     | Killed a ghoul
 26104 | D:14     | Got a creamy pearl robe
 26109 | D:14     | Identified the +2 robe of Cumuk {rElec MR++} (You found it
                  | on level 14 of the Dungeon)
 26412 | D:14     | Reached skill level 5 in Invocations
 26423 | D:14     | Found a frozen archway.
 26466 | IceCv    | Entered an ice cave
 27065 | IceCv    | Identified the +6 flail of Gluttony {venom, Str+2}
 27324 | IceCv    | 3 stack of acquirement??? PogChamp
 28030 | D:13     | Reached skill level 10 in Summonings
 28042 | D:13     | Found a gate to the Vaults.
 28835 | D:12     | Identified the amulet of Curiosity {Reflect rF+ rC+ SH+3}
                  | (You acquired it on level 12 of the Dungeon)
 28931 | D:12     | Found a staircase to the Orcish Mines.
 30578 | D:15     | Reached skill level 1 in Axes
 30578 | D:15     | Gained mutation: You have a pair of large horns on your
                  | head. [demonic ancestry]
 30578 | D:15     | Reached XP level 15. HP: 75/117 MP: 22/29
 30583 | D:15     | Reached skill level 1 in Armour
 30595 | D:15     | Reached skill level 2 in Axes
 30806 | D:14     | Got an ancient scale mail
 30817 | D:14     | Identified the +5 scale mail "Idonof" {rC+} (You acquired
                  | it on level 14 of the Dungeon)
 30907 | D:15     | Noticed Blork the orc
 30909 | D:15     | Killed Blork the orc
 30920 | D:15     | Reached ***** piety under Fedhas
 30924 | D:15     | Found a deep blue altar of Sif Muna.
 31152 | D:15     | Reached skill level 3 in Axes
 31349 | D:15     | Reached skill level 4 in Axes
 31809 | D:15     | Reached skill level 5 in Axes
 31965 | D:15     | Found a staircase to the Depths.
 32156 | Orc:1    | Entered Level 1 of the Orcish Mines
 32335 | Orc:1    | Reached skill level 6 in Axes
 32363 | Orc:1    | Found a roughly hewn altar of Beogh.
 32497 | Orc:2    | Entered Level 2 of the Orcish Mines
 32546 | Orc:2    | Noticed Snorg
 32565 | Orc:1    | Killed Snorg
 32656 | Orc:1    | Noticed Harold
 32664 | Orc:1    | Killed Harold
 32754 | Orc:2    | Reached skill level 7 in Axes
 32825 | Orc:1    | Reached skill level 5 in Armour
 32956 | Orc:2    | Reached skill level 8 in Axes
 32967 | Orc:2    | Found a radiant altar of Vehumet.
 33987 | Orc:1    | Reached skill level 9 in Axes
 34981 | Orc:1    | Reached skill level 10 in Axes
 35027 | Orc:2    | Found a staircase to the Elven Halls.
 35181 | Orc:2    | Found Guilacyoq's Distillery.
 35184 | Orc:2    | Found Mael's Gadget Shoppe.
 35185 | Orc:2    | Found Iwodoc's Antique Armour Emporium.
 35185 | Orc:2    | Found Noiryaxu's Armour Emporium.
 35195 | Orc:2    | Bought a pair of runed boots for 202 gold pieces
 35335 | D:11     | Killed a fire giant
 36033 | Spider:1 | Entered Level 1 of the Spider Nest
 36085 | Lair:3   | Reached ****** piety under Fedhas
 36195 | Spider:1 | Reached XP level 16. HP: 73/123 MP: 18/30
 36317 | Spider:1 | Reached skill level 11 in Axes
 37438 | Spider:2 | Reached skill level 12 in Axes
 38201 | Spider:2 | Found a runed door.
 39803 | Spider:4 | Entered Level 4 of the Spider Nest
 39809 | Spider:4 | Reached skill level 13 in Axes
 40087 | Spider:3 | Reached skill level 10 in Armour
 43662 | Spider:4 | Reached XP level 17. HP: 130/130 MP: 29/31
 44413 | Spider:4 | Reached skill level 14 in Axes
 44703 | Spider:4 | Got a gossamer rune of Zot
 44872 | Swamp:1  | Entered Level 1 of the Swamp
 44965 | Swamp:1  | Identified the Papyrus of Congealing Protection
 46164 | Swamp:2  | Got an ichor-stained dagger
 46198 | Swamp:2  | Cast into level 3 of the Abyss (a Zot trap)
 46199 | Abyss:3  | REALLY
 46465 | Abyss:3  | Reached skill level 10 in Dodging
 46523 | Abyss:4  | Got an abyssal rune of Zot
 46764 | Abyss:4  | Paralysed by accursed screaming for 1 turns
 46768 | Abyss:4  | Paralysed by accursed screaming for 2 turns
 46770 | Abyss:4  | Slain by a large abomination

Vault maps used:
D:1:      scummos_arrival_hexagon, minmay_pentomino_w2
D:3:      uniq_crazy_yiuf_cottage
D:4:      lemuel_doored_altar, okawaru_metal_pillars_3,
          nicolae_overflow_crystal_walls, minmay_temple_entry_mist,
          first_ration, gup_sewer_entry_spiral, minmay_misc_feat_nine_boxes
D:5:      grunt_temple_overflow_open
D:6:      roderic_lattice_a, grunt_decor_one_mirror, uniq_duvessa, uniq_pikel
D:7:      minmay_the_grid_four_pointed_star, grunt_temple_overflow_holy_war,
          basic_altar, serial_shops, shop, nicolae_shop_statue_plus, shop,
          nicolae_shop_trees, shop
D:8:      dpeg_lair_monsters, hangedman_ranch
D:9:      chequers_temple_overflow_statue_of_worship,
          nicolae_straight_to_the_point
D:10:     wad_woods_minihive
D:11:     minmay_firetagon
D:12:     zombieorc1_lemuel
D:13:     david_vaults_5
D:14:     portal_ice_cave_rime, hangedman_decor_lopped
D:15:     grunt_enter_depths_magical_seal, serial_undead, serial_undead_b,
          serial_undead_a, serial_undead_f, serial_undead_f, kennysheep_doodads,
          basic_altar, tgw_sif
Temple:   eino_wide_crystal_templ
Lair:1:   uniq_urug
Lair:2:   swamp_mist, grunt_forest_stairs_clearing, minmay_lair_oklob_chamber
Lair:3:   lemuel_ratsnest, spider_nest_entry_funnel_web, gammafunk_ghost_icy,
          grunt_forest_large_clearing_hut, uniq_fannar
Lair:4:   serial_bayou_pond_d, chequers_serial_rivers_micro_d
Lair:5:   grunt_megastairs_3
Lair:6:   minmay_lair_end_enchanted_forest, slime_altar_1, uniq_rupert
Swamp:1:  nicolae_swamp_round_clearing
Swamp:2:  ebering_ghost_funeral_grove, evilmike_swamp_ruin_house_4
Spider:2: cheibrodos_spider_deadly_dance
Spider:4: grunt_spider_rune_circles, spider_trap
Orc:1:    mines2_david, uniq_harold
Orc:2:    st_orc_pillars, basic_altar, kennysheep_orc_chapel, uniq_snorg
Abyss:4:  hangedman_abyss_overflow_altar, hangedman_abyss_rune_macabre_mess
Sewer:    sewer_kobolds
IceCv:    ice_cave_tombish

Skill      XL: |  1  2  3  4  5  6  7  8  9 10 11 12 13 14 15 16 17 |
---------------+----------------------------------------------------+-----
Fire Magic     | 3 4 5 6 7 9 10 | 10.0
Conjurations   | 2 3 4 5 6 8 9 10 | 10.4
Spellcasting   | 3 4 5 6 7 9 10 | 10.0
Shields        | 3 4 |  4.1
Dodging        | 4 8 10 | 10.1
Fighting       | 4 8 |  8.5
Summonings     | 2 8 10 | 10.2
Earth Magic    | 1 7 9 |  9.8
Invocations    | 8 |  8.0
Axes           | 1 10 13 14 | 14.7
Armour         | 7 10 11 | 11.0
Stealth        | |  1.7

Action                   |  1- 3 |  4- 6 |  7- 9 | 10-12 | 13-15 | 16-18 || total
-------------------------+-------+-------+-------+-------+-------+-------++-------
Melee: Dagger            |    10 |       |       |    52 |    23 |       ||    85
       Unarmed           |    11 |       |    24 |       |       |       ||    35
       Short sword       |     7 |    22 |    92 |   106 |   254 |       ||   481
       Headbutt          |       |       |       |    22 |    96 |   106 ||   224
       Battleaxe         |       |       |       |       |   450 |   780 ||  1230
 Fire: Blowgun           |       |       |    17 |    17 |       |       ||    34
 Cast: Flame Tongue      |    54 |   146 |   180 |   195 |   347 |    79 ||  1001
       Conjure Flame     |       |     1 |     5 |    12 |     4 |     7 ||    29
       Sticky Flame      |       |       |    29 |   104 |   165 |    60 ||   358
       Fireball          |       |       |       |    45 |   310 |    98 ||   453
Invok: Fungal Bloom      |       |       |     8 |    42 |   118 |    57 ||   225
       Evolution         |       |       |       |     7 |    23 |    24 ||    54
Evoke: Wand              |       |       |     4 |       |    10 |       ||    14
  Use: Potion            |     1 |       |     3 |       |     2 |     9 ||    15
       Scroll            |       |       |    12 |    15 |    27 |    10 ||    64
 Stab: Distracted        |     1 |       |       |     1 |     2 |     5 ||     9
       Sleeping          |     1 |     2 |     1 |       |     2 |     1 ||     7
       Confused          |       |       |       |     2 |     3 |    12 ||    17
       Invisible         |       |       |       |       |       |     1 ||     1
  Eat: Chunk             |     3 |     9 |    20 |    26 |    80 |    28 ||   166
       Ration            |       |       |     2 |     3 |    14 |     8 ||    27
Armor: Robe              |    23 |     7 |    49 |     3 |   265 |    16 ||   363
       Skin              |    12 |       |    48 |       |       |       ||    60
       Steam dragon scal |       |       |       |    76 |   107 |   809 ||   992
Dodge: Dodged            |    70 |    74 |   140 |   243 |  1066 |  1171 ||  2764
Block: Buckler           |       |       |    57 |    88 |   151 |       ||   296
       Reflection        |       |       |       |       |     5 |     1 ||     6
       Other             |       |       |       |       |    82 |   182 ||   264

Table legend:
 A = Non-vault XP
 B = Vault XP
 C = Vault XP percentage of total XP
 D = Non-vault monster count
 E = Vault monster count
 F = Vault count percentage of total count
                 A         B        C        D         E       F
            +---------+---------+-------+---------+---------+-------
      Total |  160032 |   99197 |  38.3 |     800 |     415 |  34.2
            +---------+---------+-------+---------+---------+-------
        D:1 |      81 |       4 |   4.7 |      26 |       2 |   7.1
        D:2 |     180 |       0 |   0.0 |      24 |       0 |   0.0
        D:3 |     256 |      40 |  13.5 |      37 |       1 |   2.6
        D:4 |     309 |      27 |   8.0 |      10 |       8 |  44.4
        D:5 |     338 |     842 |  71.4 |      15 |       2 |  11.8
        D:6 |     304 |      50 |  14.1 |       5 |       1 |  16.7
        D:7 |    1430 |    6888 |  82.8 |      29 |      19 |  39.6
        D:8 |     480 |    3036 |  86.3 |      11 |       9 |  45.0
        D:9 |    1664 |      63 |   3.6 |      26 |       1 |   3.7
       D:10 |    1791 |    2595 |  59.2 |      21 |      45 |  68.2
       D:11 |    1535 |    2795 |  64.5 |      14 |       6 |  30.0
       D:12 |    5404 |     478 |   8.1 |      32 |      26 |  44.8
       D:13 |    5288 |    1330 |  20.1 |      34 |       4 |  10.5
       D:14 |    4607 |    1630 |  26.1 |      16 |       3 |  15.8
       D:15 |   12820 |    9259 |  41.9 |      30 |      18 |  37.5
     Lair:1 |    5992 |     851 |  12.4 |      31 |       1 |   3.1
     Lair:2 |    7495 |    1023 |  12.0 |      25 |       6 |  19.4
     Lair:3 |    3877 |    4345 |  52.8 |      18 |      46 |  71.9
     Lair:4 |    5219 |       0 |   0.0 |      25 |       0 |   0.0
     Lair:5 |    2555 |     698 |  21.5 |      16 |       1 |   5.9
     Lair:6 |    7644 |   11517 |  60.1 |      33 |      45 |  57.7
    Swamp:1 |   17453 |       0 |   0.0 |      54 |       0 |   0.0
    Swamp:2 |    2993 |       0 |   0.0 |       5 |       0 |   0.0
   Spider:1 |   12070 |       0 |   0.0 |      38 |       0 |   0.0
   Spider:2 |   12990 |    7486 |  36.6 |      44 |      21 |  32.3
   Spider:3 |   12911 |    3509 |  21.4 |      38 |       7 |  15.6
   Spider:4 |   11423 |   20315 |  64.0 |      33 |      36 |  52.2
      Orc:1 |    5495 |    5397 |  49.6 |      37 |      19 |  33.9
      Orc:2 |    9221 |   11120 |  54.7 |      66 |      59 |  47.2
    Abyss:3 |    3960 |       0 |   0.0 |       6 |       0 |   0.0
    Abyss:4 |    2247 |     317 |  12.4 |       1 |       1 |  50.0
      Sewer |       0 |     111 | 100.0 |       0 |      10 | 100.0
      IceCv |       0 |    3471 | 100.0 |       0 |      18 | 100.0
            +---------+---------+-------+---------+---------+-------
